 Dungeon Crawl Stone Soup version 0.27-a0-1193-g8631133539 (webtiles) character file.

Game seed: 11120304895842978694

4 Froggeryz the Sneak (level 1, -8/19 HPs)
             Began as a Ghoul Delver on May 26, 2021.
             Mangled by an iguana (11 damage)
             ... on level 4 of the Dungeon.
             The game lasted 00:00:29 (85 turns).

Froggeryz the Sneak (Ghoul Delver)                    Turns: 85, Time: 00:00:29

Health: -8/19      AC:  3    Str: 15    XL:     1   Next: 60%
Magic:  0/0        EV: 11    Int:  5    God:
Gold:   0          SH:  0    Dex: 10    Spells: 0/0 levels left

rFire    . . .     SeeInvis .     - Unarmed
rCold    + . .     Faith    .   (no shield)
rNeg     + + +     Spirit   .   a - +0 leather armour
rPois    ∞         Reflect  .   (no helmet)
rElec    .         Harm     .   (no cloak)
rCorr    .         Rampage  .   (no gloves)
Will     .....                  (no boots)
Stlth    +++.......             (no amulet)
HPRegen  0.00/turn              (no ring)
MPRegen  0.07/turn              (no ring)

@: no status effects
A: claws 1, cold resistance 1, negative energy resistance 3, inhibited
regeneration, torment resistance 2
a: no special abilities


You were on level 4 of the Dungeon.
You visited 1 branch of the dungeon, and saw 2 of its levels.

Inventory:

Armour
 a - a +0 leather armour (worn)
Wands
 f - a wand of digging (3)
Scrolls
 b - a scroll of fog
 c - a scroll of magic mapping
 d - a scroll of fear
Potions
 e - a potion of haste


   Skills:
 - Level 3.2 Fighting
 - Level 1.7 Dodging
 - Level 5.4 Stealth
 * Level 2.6 Unarmed Combat


You couldn't memorise any spells.
You didn't know any spells.
Your spell library was empty.

Dungeon Overview and Level Annotations

Branches:
Dungeon (5/15)
 Temple: D:4-7

Altars:


Innate Abilities, Weirdness & Mutations

You thrive by killing the living.
You are immune to poison.
You have sharp fingernails.
Your flesh is cold resistant. (rC+)
You are immune to negative energy. (rN+++)
You do not regenerate when monsters are visible.
You are immune to unholy pain and torment.


Message History

You open the door.
An iguana comes into view.
Found a short sword.
An iguana is nearby!
You close the door.
Found a stone staircase leading down.
A jackal comes into view.
The jackal barks!
You hear a bark! x2; You hear an angry hiss. x2
You scratch the jackal.
The jackal is heavily wounded.
A jackal comes into view.
The jackal bites you but does no damage.
You miss the jackal.
The jackal is heavily wounded.
The jackal bites you.
A jackal comes into view.
The jackal barely misses you.
The jackal barks!
The iguana hisses angrily.
You scratch the jackal.
You kill the jackal!
You feel better.
The jackal bites you but does no damage.
You scratch the jackal.
You kill the jackal!
You feel better. The jackal bites you. The jackal bites you.
You scratch the jackal.
You kill the jackal!
You feel better. The iguana bites you.
You see here a jackal corpse.
It was a potion of heal wounds.
You feel much better. The iguana bites you.
You scratch the iguana but do no damage.
The iguana bites you!
Ouch! That really hurt!
* * * LOW HITPOINT WARNING * * *
You barely miss the iguana. The iguana bites you!
Ouch! That really hurt!
You die...

##.## .... #.#
l..## #.# #+#..
#.# #.#.#
#.#######.#.#
#.........#l###
#.##..........
# #.#
##....†#####.#
##.## #
#......l@..#
#.#.#>#
#..#########
##....# #.##
#.######.#
#........#
##########


You could see an iguana.

Vanquished Creatures
  3 jackals (D:4)
3 creatures vanquished.

Notes
Turn   | Place    | Note
-------+----------+-------------------------------------------
     0 | D:5      | Froggeryz the Ghoul Delver began the quest for the Orb.
     0 | D:5      | Reached XP level 1. HP: 19/19 MP: 0/0
    10 | D:5      | Noticed a scorpion
    16 | D:5      | Noticed a phantom
    43 | D:4      | Noticed an iguana
    85 | D:4      | Mangled by an iguana

Illustrated notes

Levels and vault maps discovered:
D:4:      layout_loops_corners, minmay_temple_entry_statues_fountains,
          hex_large, st_stairs_8
D:5:      layout_cave_pools

Action                   || total
-------------------------++-------
Melee: Unarmed           ||     7
  Use: Potion            ||     1
Armor: Leather armour    ||     2
Dodge: Dodged            ||     1

Table legend: (Time is in decaauts)
 A = Elapsed time spent in this place.
 B = Non-inter-level travel time spent in this place.
 C = Inter-level travel time spent in this place.
 D = Time resting spent in this place.
 E = Time spent auto-exploring this place.
 F = Levels seen in this place.
 G = Mean time per level.
                   A        B        C        D        E       F      G
               +--------+--------+--------+--------+--------+-----+--------+
         Total |     84 |     84 |      0 |      0 |     26 |   2 |   42.0 |
       Dungeon |     84 |     84 |      0 |      0 |     26 |   2 |   42.0 |
               +--------+--------+--------+--------+--------+-----+--------+

Top non-repeatable levels by time:
     D:4: 65 daAuts
     D:5: 19 daAuts
